 Dungeon Crawl Stone Soup version 0.30-a0-393-g54b8e3be05 (webtiles) character file.

Game seed: 7623627705339668724

106 Bnni the Shield-Bearer (level 5, 0/42 HPs)
             Began as a Formicid Fighter on Dec 5, 2022.
             Killed from afar by Natasha (4 damage)
             ... with a magic dart
             ... on level 3 of the Dungeon.
             The game lasted 00:01:42 (1488 turns).

Bnni the Shield-Bearer (Formicid Fighter)           Turns: 1488, Time: 00:01:43

Health: 0/42       AC:  8    Str: 22    XL:     5   Next: 10%
Magic:  5/5        EV:  9    Int:  8    God:
Gold:   119        SH:  5    Dex: 13    Spells: 4/4 levels left

rFire   . . .      SeeInvis +    a - +0 trident
rCold   . . .      Faith    .    c - +0 buckler
rNeg    . . .      Spirit   .    b - +0 scale mail
rPois   .          Reflect  .    (helmet unavailable)
rElec   .          Harm     .    (no cloak)
rCorr   .          Rampage  .    (no gloves)
Will    .....                    l - +0 pair of boots
Stlth   ..........               (no amulet)
HPRegen 0.27/turn                (no ring)
MPRegen 0.09/turn                (no ring)

@: no status effects
A: permanent stasis, dig shafts and tunnels, antennae 3, four strong arms
a: Dig, Shaft Self


You were on level 3 of the Dungeon.
You visited 1 branch of the dungeon, and saw 3 of its levels.

You collected 119 gold pieces.

Inventory:

Hand Weapons
 a - a +0 trident (weapon)
Armour
 b - a +0 scale mail (worn)
 c - a +0 buckler (worn)
 l - a +0 pair of boots (worn)
Scrolls
 e - 3 scrolls of identify {unknown}
 f - a scroll of fear {unknown}
 g - a scroll of summoning {unknown}
 h - a scroll of poison {unknown}
 n - a scroll of magic mapping {unknown}
Potions
 d - a potion of might
 i - 2 potions of cancellation {unknown}
 j - 2 potions of haste {unknown}
 k - a potion of heal wounds {unknown}
 m - 2 potions of curing {unknown}


   Skills:
 + Level 4.1 Fighting
 * Level 3.6 Polearms
 - Level 3.2 Armour
 - Level 5.0 Shields


You had 4 spell levels left.
You didn't know any spells.
Your spell library contained the following spells:

 Spells                   Type           Power      Damage    Failure   Level
 Static Discharge         Conj/Air       0%         2-2/arc   91%         2
 Vhi's Electric Charge    Tloc/Air       0%         N/A       99%         3
 Arcjolt                  Conj/Air       0%         1d10      100%        5
 Lightning Bolt           Conj/Air       0%         1d11      100%        5


Dungeon Overview and Level Annotations

Branches:
Dungeon (3/15)

Altars:
Nemelex Xobeh

Annotations:
D:3 Natasha


Innate Abilities, Weirdness & Mutations

You cannot be hasted, slowed, berserked, paralysed or teleported.
You can dig through walls and to a lower floor.
You have a pair of large antennae on your head. (SInv)
Your four strong arms can wield two-handed weapons with a shield.


Message History

The shadow imp gestures at you. Pain shoots through your body!
The shadow imp hits you. Natasha claws you!
You hit Natasha but do no damage. You block the shadow imp's attack.
Natasha completely misses you.
The shadow imp hits you but does no damage.
You closely miss Natasha. You block the shadow imp's attack.
Natasha barely misses you. You block the shadow imp's attack.
You closely miss Natasha. The shadow imp closely misses you.
Natasha barely misses you. The shadow imp hits you.
You hit Natasha.
Natasha is lightly wounded.
The shadow imp gestures at you. Pain shoots through your body!
You block Natasha's attack. The shadow imp barely misses you.
The shadow imp hits you but does no damage.
You barely miss Natasha.
Natasha is lightly wounded.
You block Natasha's attack.
The shadow imp hits you but does no damage.
You block the shadow imp's attack.
You barely miss Natasha.
Natasha is lightly wounded.
You block Natasha's attack. The shadow imp barely misses you.
The shadow imp hits you. Natasha closely misses you.
You puncture Natasha!
Natasha is severely wounded.
The shadow imp hits you.
* * * LOW HITPOINT WARNING * * *
The shadow imp hits you.
* * * LOW HITPOINT WARNING * * *
Natasha casts a spell.
You block the shadow imp's attack.
You barely miss Natasha.
Natasha is severely wounded.
The shadow imp hits you.
* * * LOW HITPOINT WARNING * * *
Natasha stares at you and mumbles some strange words.
The magic dart hits you.
You die...

###### #....# #....#
#>...# #...:# ######
##...†# #...<# #5.55.#
#....#
##.h@.†#########....#
...............[..#.....
##..#############.......
... #######. . ## # #
####


You could see Natasha, a crimson imp (summoned) and 2 shadow imps.

Vanquished Creatures
  Jessica (D:2)
  3 adders
  2 worms (D:2)
  An orc (D:3)
  5 bats (D:2)
  7 endoplasms
  A giant cockroach (D:3)
  7 goblins
  A hobgoblin (D:3)
  6 kobolds
  4 quokkas
  4 frilled lizards
  4 rats
46 creatures vanquished.

Notes
Turn   | Place    | Note
-------+----------+-------------------------------------------
     0 | D:1      | Bnni the Formicid Fighter began the quest for the Orb.
     0 | D:1      | Reached XP level 1. HP: 18/18 MP: 1/1
   107 | D:1      | Reached XP level 2. HP: 24/24 MP: 2/2
   262 | D:1      | Found a faded altar of an unknown god.
   599 | D:1      | You fall into a shaft and drop 1 floor!
   620 | D:2      | Reached XP level 3. HP: 29/29 MP: 3/3
   792 | D:2      | Noticed Jessica
   799 | D:2      | Killed Jessica
   800 | D:2      | Reached skill level 5 in Shields
   800 | D:2      | Reached XP level 4. HP: 37/37 MP: 4/4
  1166 | D:2      | Found a sparkling altar of Nemelex Xobeh.
  1394 | D:3      | Reached XP level 5. HP: 42/42 MP: 5/5
  1408 | D:3      | Identified the +2 robe "Jaes" {Harm}
  1473 | D:3      | Noticed Natasha
  1488 | D:3      | Killed from afar by Natasha

Illustrated notes

Levels and vault maps discovered:
D:1:      lemuel_arrival_room, layout_loops_ring, basic_ecumenical_altar,
          hangedman_decor_peaks_small
D:2:      layout_rooms, basic_altar, minmay_tetromino_s2, uniq_jessica
D:3:      layout_rooms, minitemple, uniq_natasha

Skill      XL: |  1  2  3  4 |
---------------+-------------+-----
Polearms       | 3 |  3.6
Shields        | 5 |  5.0
Fighting       | 4 |  4.1
Armour         | |  3.2

Action                   |  1- 3 |  4- 6 || total
-------------------------+-------+-------++-------
Melee: Trident           |    55 |    99 ||   154
Armor: Scale mail        |    12 |    39 ||    51
Dodge: Dodged            |    13 |    35 ||    48
Block: Buckler           |    11 |    30 ||    41

Table legend: (Time is in decaauts)
 A = Elapsed time spent in this place.
 B = Non-inter-level travel time spent in this place.
 C = Inter-level travel time spent in this place.
 D = Time resting spent in this place.
 E = Time spent auto-exploring this place.
 F = Levels seen in this place.
 G = Mean time per level.
                   A        B        C        D        E       F      G
               +--------+--------+--------+--------+--------+-----+--------+
         Total |   1517 |   1440 |     77 |     59 |   1050 |   3 |  505.7 |
       Dungeon |   1517 |   1440 |     77 |     59 |   1050 |   3 |  505.7 |
               +--------+--------+--------+--------+--------+-----+--------+

Top non-repeatable levels by time:
     D:1: 693 daAuts
     D:2: 683 daAuts
     D:3: 140 daAuts
